 Dungeon Crawl Stone Soup version 0.30-a0-1002-ga41ad49a19 (webtiles) character file.

Game seed: 3042527755812189038

1052 MacCMillion the Skirmisher (level 7, -1/53 HPs)
             Began as a Demigod Hunter on Apr 5, 2023.
             Shot with an arrow by a centaur (3 damage)
             ... on level 5 of the Dungeon.
             The game lasted 00:09:22 (4575 turns).

MacCMillion the Skirmisher (Demigod Hunter)         Turns: 4575, Time: 00:09:23

Health: -1/53      AC:  5    Str: 12    XL:     7   Next: 76%
Magic:  9/9        EV: 12    Int: 11    God:
Gold:   230        SH:  0    Dex: 25    Spells: 6/6 levels left

rFire   . . .      SeeInvis .    a - +0 shortbow
rCold   . . .      Faith    .    (shield currently unavailable)
rNeg    . . .      Spirit   .    c - +0 leather armour
rPois   .          Reflect  .    k - +0 helmet
rElec   .          Rampage  .    i - +0 cloak
rCorr   .                        (no gloves)
Will    .....                    (no boots)
Stlth   ++                       (no amulet)
HPRegen 0.28/turn                (no ring)
MPRegen 0.11/turn                (no ring)

@: no status effects
A: high MP 1, forlorn, divine attributes
a: no special abilities


You were on level 5 of the Dungeon.
You visited 1 branch of the dungeon, and saw 5 of its levels.
You also visited: Ossuary.

You collected 230 gold pieces.

Inventory:

Hand Weapons
 a - a +0 shortbow (weapon)
Armour
 c - a +0 leather armour (worn)
 i - a +0 cloak (worn)
 k - a +0 helmet (worn)
Wands
 u - a wand of light (1)
Scrolls
 b - 3 scrolls of immolation
 d - 5 scrolls of identify {unknown}
 f - 3 scrolls of fog
 h - 2 scrolls of noise {unknown}
 j - 2 scrolls of teleportation
 l - a scroll of poison {unknown}
 m - a scroll of silence {unknown}
 r - 2 scrolls of vulnerability {unknown}
 s - a scroll of amnesia {unknown}
 v - a scroll of fear {unknown}
Potions
 e - 2 potions of curing {unknown}
 g - a potion of invisibility {unknown}
 n - 2 potions of mutation {unknown}
 o - a potion of ambrosia {unknown}
 p - a potion of degeneration {unknown}
 q - a potion of attraction {unknown}
 t - a potion of lignification {unknown}
 w - a potion of flight {unknown}
 x - a potion of resistance


   Skills:
 - Level 1.8 Fighting
 + Level 9.2 Ranged Weapons
 - Level 1.8 Dodging
 - Level 2.0 Stealth


You had 6 spell levels left.
You didn't know any spells.
Your spell library contained the following spells:

 Spells                   Type           Power      Damage    Failure   Level
 Static Discharge         Conj/Air       0%         2-2/arc   56%         2
 Airstrike                Air            0%         2d(0-16)  99%         4
 Summon Lightning Spire   Summ/Air       0%         N/A       99%         4


Dungeon Overview and Level Annotations

Branches:
Dungeon (5/15)            Ossuary (visited)
 Temple: D:4-7

Annotations:
D:1 2 transporters
D:2 1 runed translucent door, Crazy Yiuf


Innate Abilities, Weirdness & Mutations

You have an increased reservoir of magic. (+10% MP)
You shall have no god before yourself.
Your divine heritage dramatically boosts your attributes as you level up.


Message History

The arrow hits the centaur.
The centaur is moderately wounded.
You shoot an arrow. The arrow hits the centaur.
The centaur is moderately wounded.
The centaur unwields a +0 short sword of venom.
It stops dripping with poison.
The centaur wields a +0 shortbow.
The centaur shoots an arrow.
The arrow hits you!
The centaur shoots an arrow.
The arrow hits you.
You shoot an arrow. The arrow barely misses the centaur.
The centaur shoots an arrow.
The arrow barely misses you.
You shoot an arrow. The arrow hits the centaur.
The centaur is heavily wounded.
The centaur shoots an arrow.
The arrow hits you.
You shoot an arrow.
The arrow hits the centaur but does no damage.
The centaur is heavily wounded.
The centaur shoots an arrow.
The arrow misses you.
You shoot an arrow. The arrow barely misses the centaur.
The centaur shoots an arrow.
The arrow hits you!
The centaur shoots an arrow.
The arrow hits you.
You are too injured to fight recklessly!
You are too injured to fight recklessly!
You are too injured to fight recklessly!
You are too injured to fight recklessly!
A centaur is nearby!
The centaur shoots an arrow.
The arrow hits you.
The centaur shoots an arrow.
The arrow misses you.
The centaur shoots an arrow.
The arrow hits you!
* * * LOW HITPOINT WARNING * * *
The centaur shoots an arrow.
The arrow closely misses you.
The centaur shoots an arrow.
The arrow hits you!
* * * LOW HITPOINT WARNING * * *
The centaur shoots an arrow.
The arrow closely misses you.
Fire: a) +0 shortbow
Press: ? - help, Q - select action, (/) - cycle Shift-Dir - straight line, f/p - centaur
Aim: a centaur, wielding a +0 shortbow (moderately wounded, 77% to hit)
You shoot an arrow. The arrow hits the centaur!
The centaur is severely wounded.
The centaur shoots an arrow.
The arrow hits you.
You die...

.## ....... ..# ....... ..#
....... #.# ....... #.##
...... #..# ### ##.... #..#
##.# ####..# #..###..#
########..c.##
##.##..#######..@.....##..##
##..#.........###########..#
##.....######## #(.#.$#
.......# #.. ...# .......#
#.. ....# .......# #..
...c.# #......# #.. ...#..#
#......## #.. ...##..
#.......## #.. ...# ..


You could see a centaur.

Vanquished Creatures
  Eustachio (D:4)
  An ogre (D:4)
  An elf zombie (Ossuary)
  4 scorpions
  4 human zombies (Ossuary)
  A jelly (D:4)
  Natasha (thrice) (D:2)
  A hound zombie (Ossuary)
  3 mummies (Ossuary)
  2 adders (D:3)
  7 gnolls
  4 river rats (D:3)
  3 adder zombies (Ossuary)
  5 worms
  4 dart slugs
  2 orcs (D:4)
  4 ball pythons
  6 bats
  10 endoplasms
  3 giant cockroaches
  2 goblins
  6 hobgoblins
  5 jackals
  13 kobolds
  3 quokkas
  9 frilled lizards
  6 goblin zombies
  4 hobgoblin zombies (Ossuary)
  6 jackal zombies (Ossuary)
  3 kobold zombies (Ossuary)
  An orc zombie (Ossuary)
  6 quokka zombies
  11 rats
  2 rat zombies (Ossuary)
146 creatures vanquished.

Notes
Turn   | Place    | Note
-------+----------+-------------------------------------------
     0 | D:1      | MacCMillion the Demigod Hunter began the quest for the Orb.
     0 | D:1      | Reached XP level 1. HP: 17/17 MP: 3/3
   121 | D:1      | Reached skill level 1 in Stealth
   246 | D:1      | Reached XP level 2. HP: 24/24 MP: 4/4
   316 | D:1      | Reached skill level 4 in Ranged Weapons
   619 | D:1      | Reached XP level 3. HP: 29/29 MP: 5/5
   889 | D:2      | Identified the +7 spear of Plog {flame, rElec Int-4 SInv}
   891 | D:2      | Noticed Natasha
   901 | D:2      | Killed Natasha
  1057 | D:2      | Noticed a scorpion
  1060 | D:2      | Killed a scorpion
  1061 | D:2      | Reached skill level 5 in Ranged Weapons
  1061 | D:2      | Reached XP level 4. HP: 36/36 MP: 6/6
  1178 | D:2      | Found a runed translucent door.
  1179 | D:2      | Noticed Crazy Yiuf
  1411 | D:2      | Noticed Natasha
  1414 | D:2      | Killed Natasha
  1491 | D:2      | Noticed Natasha
  1505 | D:2      | Killed Natasha
  1506 | D:2      | Reached XP level 5. HP: 20/41 MP: 7/7
  1901 | D:3      | Reached skill level 6 in Ranged Weapons
  2636 | D:3      | Reached XP level 6. HP: 48/48 MP: 8/8
  2772 | D:4      | Reached skill level 7 in Ranged Weapons
  2851 | D:4      | Found a sand-covered staircase.
  2858 | Ossuary  | Entered an ossuary
  3432 | Ossuary  | Reached skill level 8 in Ranged Weapons
  3432 | Ossuary  | Reached XP level 7. HP: 30/53 MP: 9/9
  3722 | D:4      | Noticed Eustachio
  3741 | D:4      | Killed Eustachio
  4123 | D:4      | Reached skill level 9 in Ranged Weapons
  4365 | D:5      | Entered Level 5 of the Dungeon
  4574 | D:5      | HP: 2/53 [centaur/arrow (7)]
  4575 | D:5      | Shot with an arrow by a centaur

Illustrated notes

Levels and vault maps discovered:
D:1:      spicycebolla_arrival_transporter_tutorial, layout_basic,
          hangedman_decor_slide_cut
D:2:      layout_basic, uniq_crazy_yiuf_cottage, uniq_natasha
D:3:      layout_basic, lightli_sewer_entry_pipes,
          shapermc_ecumenical_altar_totnotflames, minmay_misc_feat_more_columns
D:4:      layout_loops_ring, mainiacjoe_overflow_concentric_impassable,
          mainiacjoe_overflow_boulevard, enter_ossuary_4, uniq_eustachio
D:5:      layout_cave_pods

Skill      XL: |  1  2  3  4  5  6  7 |
---------------+----------------------+-----
Stealth        | 1 2 |  2.0
Ranged Weapons | 4 5 6 8 9 |  9.2
Fighting       | |  1.8
Dodging        | |  1.8

Action                     |  1- 3 |  4- 6 |  7- 9 || total
---------------------------+-------+-------+-------++-------
   Fire: Shortbow          |    84 |   314 |    82 ||   480
    Use: Scroll            |       |       |     2 ||     2
 Armour: Leather armour    |    10 |    56 |     2 ||    68
  Dodge: Dodged            |    19 |   121 |    11 ||   151

Table legend: (Time is in decaauts)
 A = Elapsed time spent in this place.
 B = Non-inter-level travel time spent in this place.
 C = Inter-level travel time spent in this place.
 D = Time resting spent in this place.
 E = Time spent auto-exploring this place.
 F = Levels seen in this place.
 G = Mean time per level.
                   A        B        C        D        E       F      G
               +--------+--------+--------+--------+--------+-----+--------+
         Total |   4727 |   4632 |     95 |    646 |   2992 |   6 |  787.8 |
       Dungeon |   3992 |   3897 |     95 |    546 |   2627 |   5 |  798.4 |
       Ossuary |    735 |    735 |      0 |    100 |    365 |   1 |  735.0 |
               +--------+--------+--------+--------+--------+-----+--------+

Top non-repeatable levels by time:
     D:3: 1009 daAuts
     D:2: 980 daAuts
     D:4: 896 daAuts
     D:1: 895 daAuts
 Ossuary: 735 daAuts
     D:5: 210 daAuts
